 Dungeon Crawl Stone Soup version 0.20.1-1-g8b1a95d (webtiles) character file.

584 Peloso the Shield-Bearer (level 7, -1/63 HPs)
             Began as a Deep Dwarf Fighter on Aug 10, 2017.
             Was a Follower of Okawaru.
             Slain by a wight
             ... wielding a cursed +5 short sword of freezing
              (6 damage)
             ... on level 6 of the Dungeon.
             The game lasted 00:11:02 (3478 turns).

Peloso the Shield-Bearer (Deep Dwarf Fighter)       Turns: 3478, Time: 00:11:02

Health: -1/63      AC:  8    Str: 21    XL:     7   Next: 14%
Magic:  6/6        EV:  8    Int:  9    God:    Okawaru [*.....]
Gold:   294        SH: 10    Dex: 12    Spells: 6/6 levels left

rFire    . . .     SeeInvis .   a - +0 long sword
rCold    . . .     Gourm    .   c - +0 shield
rNeg     . . .     Faith    .   b - +0 scale mail
rPois    +         Spirit   .   (no helmet)
rElec    .         Reflect  .   (no cloak)
rCorr    +         Harm     .   g - +0 pair of gloves
MR       +....                  (no boots)
Stlth    ..........             (no amulet)
Regen    0.0/turn               s - ring of poison resistance
MPRegen  0.1/turn               l - ring of resist corrosion

@: non-regenerating, drained
A: damage resistance, heal wounds, sense surroundings 1, no regeneration
a: Heal Wounds, Heroism, Renounce Religion


You were on level 6 of the Dungeon.
You worshipped Okawaru.
Okawaru was aware of your devotion.
You were near starving.

You visited 2 branches of the dungeon, and saw 7 of its levels.

You collected 294 gold pieces.

Inventory:

Hand Weapons
 a - a +0 long sword (weapon)
Armour
 b - a +0 scale mail (worn)
 c - a +0 shield (worn)
 g - a +0 pair of gloves (worn)
Jewellery
 e - an uncursed ring of positive energy
 l - a ring of resist corrosion (right hand)
 m - an uncursed ring of positive energy
 s - a ring of poison resistance (left hand)
 w - a +4 ring of dexterity {unknown}
Wands
 r - a wand of disintegration (5/24)
 u - a wand of confusion (12/48)
Scrolls
 d - 2 scrolls of identify
 h - a scroll of immolation {unknown}
 i - 5 scrolls of teleportation
 p - a scroll of fog {unknown}
 v - a scroll of remove curse {unknown}
 x - a scroll of amnesia {unknown}
Potions
 k - a potion of brilliance
 n - a potion of curing
 o - a potion of agility
 q - a potion of magic
 t - a potion of heal wounds
Books
 y - a book of Changes

   Spells                             Type                      Level
   a - Beastly Appendage              Transmutation                1
   b - Sticks to Snakes               Transmutation                2
   c - Spider Form                    Transmutation/Poison         3
   d - Ice Form                       Ice/Transmutation            4
   e - Blade Hands                    Transmutation                5
 A - a book of Maledictions

   Spells                             Type                      Level
   a - Corona                         Hexes                        1
   b - Ensorcelled Hibernation        Hexes/Ice                    2
   c - Confuse                        Hexes                        3
   d - Tukima's Dance                 Hexes                        3
   e - Dazzling Spray                 Conjuration/Hexes            3
Comestibles
 f - 3 bread rations
 j - 3 royal jellies
 z - 2 meat rations


   Skills:
 + Level 3.7(3.2) Fighting
 + Level 4.7(4.2) Long Blades
 + Level 4.7(4.2) Armour
 + Level 2.2(1.7) Dodging
 + Level 1.1(0.6) Stealth
 + Level 5.2(4.6) Shields


You had 6 spell levels left.
You didn't know any spells.

Dungeon Overview and Level Annotations

Branches:
Dungeon (6/15)             Temple (1/1) D:4

Altars:
Ashenzari
Fedhas
Gozag
Hepliaklqana
Kikubaaqudgha
Nemelex Xobeh
Okawaru
Qazlal
Ru
Sif Muna
Trog
Uskayaw

Annotations:
D:5 oldnick's ghost, novice TrMo


Innate Abilities, Weirdness & Mutations

You are resistant to damage.
You can heal yourself by infusing magical energy.
You passively map a small area around you.
You do not regenerate.


Message History

You block the wight's attack.
The wight hits you with a short sword of freezing.
The wight freezes you.
You hit the wight.
The wight is moderately damaged.
You block the wight's attack.
You barely miss the wight.
The wight is moderately damaged.
The wight barely misses you.
You riposte.
You slash the wight!
The wight is severely damaged.
Your scale mail prevents you from hitting the wight.
The wight is severely damaged.
The wight hits you with a short sword of freezing.
* * * LOW HITPOINT WARNING * * *
The wight freezes you.
* * * LOW HITPOINT WARNING * * *
You closely miss the wight.
The wight is severely damaged.
The wight hits you with a short sword of freezing!
You die...

#.#..### #......# * * ,
,** #......### , , . *
#........### * ,, ..
#.....#....##* , .!. ,
##....<#.....##. ...,
................? ,..###
, ,
........#...#######......
.............zzz@........
.......##############....
....... * #* * * ..%....
....... .....


You could see 3 wights.

Vanquished Creatures
  Sigmund (D:2)
  An ice beast (D:4)
  A scorpion (D:4)
  2 howler monkeys (D:4)
  A hound skeleton (D:4)
  4 gnolls (D:2)
  5 adders
  4 oozes
  3 worms
  5 dart slugs
  3 leopard geckos
  An orc (D:3)
  4 giant cockroaches
  5 goblins
  12 hobgoblins
  12 bats
  3 frilled lizards
  8 kobolds
  8 rats
83 creatures vanquished.

Vanquished Creatures (others)
  A wizard (D:5)
  An adder (D:4)
2 creatures vanquished.

Grand Total: 85 creatures vanquished

Notes
Turn   | Place    | Note
-------+----------+-------------------------------------------
     0 | D:1      | Peloso the Deep Dwarf Fighter began the quest for the Orb.
     0 | D:1      | Reached XP level 1. HP: 20/20 MP: 1/1
     6 | D:1      | Noticed a water moccasin
     6 | D:1      | Noticed a komodo dragon
     6 | D:1      | Noticed a black bear
     6 | D:1      | Noticed a swamp drake
    91 | D:1      | Reached XP level 2. HP: 27/27 MP: 2/2
   227 | D:1      | Reached XP level 3. HP: 27/34 MP: 3/3
   729 | D:2      | Noticed Sigmund
   746 | D:2      | Reached XP level 4. HP: 15/42 MP: 4/4
   748 | D:2      | Reached skill level 4 in Shields
   750 | D:2      | HP: 2/42 [gnoll/whip (2)]
   759 | D:2      | Killed Sigmund
   759 | D:2      | Reached skill level 1 in Dodging
   759 | D:2      | Reached XP level 5. HP: 5/49 MP: 4/4
  1097 | D:2      | Reached XP level 6. HP: 33/56 MP: 5/5
  2476 | D:4      | Found a staircase to the Ecumenical Temple.
  2485 | Temple   | Entered the Ecumenical Temple
  2520 | Temple   | Became a worshipper of Warmaster Okawaru
  2724 | D:4      | Reached skill level 1 in Stealth
  2874 | D:4      | Noticed an ice beast
  2885 | D:4      | Killed an ice beast
  2885 | D:4      | Reached skill level 5 in Shields
  2885 | D:4      | Reached XP level 7. HP: 26/63 MP: 6/6
  2901 | D:4      | Reached * piety under Okawaru
  3086 | D:5      | Entered Level 5 of the Dungeon
  3110 | D:5      | Found a deep blue altar of Sif Muna.
  3345 | D:5      | Found a bloodstained altar of Trog.
  3346 | D:5      | Noticed a wizard
  3351 | D:5      | Killed a wizard
  3396 | D:5      | Noticed oldnick's ghost (novice TrMo)
  3478 | D:6      | Slain by a wight

Skill      XL: |  1  2  3  4  5  6 |
---------------+-------------------+-----
Fighting       | 3 |  3.7
Shields        | 4 5 |  5.2
Long Blades    | 3 4 |  4.7
Armour         | 4 |  4.7
Dodging        | 1 2 |  2.2
Stealth        | 1 |  1.1

Action                   |  1- 3 |  4- 6 |  7- 9 || total
-------------------------+-------+-------+-------++-------
Melee: Long sword        |    88 |   180 |    28 ||   296
 Abil: Heal Wounds       |       |     3 |       ||     3
  Use: Potion            |     1 |     3 |       ||     4
       Scroll            |       |     5 |     3 ||     8
  Eat: Chunk             |       |     7 |       ||     7
Armor: Scale mail        |    45 |    85 |     7 ||   137
Dodge: Dodged            |    43 |    54 |     7 ||   104
Block: Shield            |    70 |   103 |    10 ||   183
       Rpst.: Long sword |    14 |    19 |     3 ||    36
